 Dungeon Crawl Stone Soup version 0.29.1-12-g30fa7ad0bf (webtiles) character file.

Game seed: 1249314940532319398

28 RapScallion the Covered (level 3, -1/29 HPs)
             Began as a Human Fighter on Jan 15, 2023.
             Slain by a goblin
             ... wielding a +0 club
             ... led by Robin
              (2 damage)
             ... on level 2 of the Dungeon.
             The game lasted 00:02:21 (709 turns).

RapScallion the Covered (Human Fighter)              Turns: 709, Time: 00:02:22

Health: -1/29      AC:  6    Str: 18    XL:     3   Next: 27%
Magic:  3/3        EV:  9    Int:  8    God:
Gold:   98         SH:  4    Dex: 12    Spells: 2/2 levels left

rFire   . . .      SeeInvis .   a - +0 war axe
rCold   . . .      Faith    .   c - +0 buckler
rNeg    . . .      Spirit   .   b - +0 scale mail
rPois   .          Reflect  .   (no helmet)
rElec   .          Harm     .   (no cloak)
rCorr   .          Rampage  .   (no gloves)
Will    .....                   (no boots)
Stlth   ..........              (no amulet)
HPRegen 0.09/turn               (no ring)
MPRegen 0.08/turn               (no ring)

@: no status effects
A: no striking features
a: no special abilities


You were on level 2 of the Dungeon.
You visited 1 branch of the dungeon, and saw 2 of its levels.

You collected 98 gold pieces.

Inventory:

Hand Weapons
 a - a +0 war axe (weapon)
Armour
 b - a +0 scale mail (worn)
 c - a +0 buckler (worn)
Scrolls
 f - a scroll of noise {unknown}
 k - 2 scrolls of identify {unknown}
 l - a scroll of poison {unknown}
Potions
 d - a potion of might
 e - a potion of degeneration {unknown}
 g - a potion of heal wounds {unknown}
 h - 2 potions of mutation {unknown}
 i - a potion of brilliance {unknown}
 j - a potion of curing {unknown}
 m - 2 potions of lignification {unknown}


   Skills:
 + Level 3.1 Fighting
 + Level 2.4 Axes
 + Level 3.5 Armour
 + Level 3.2 Shields


You had 2 spell levels left.
You didn't know any spells.
Your spell library was empty.

Dungeon Overview and Level Annotations

Branches:
Dungeon (1/15)

Altars:


Message History

You feel very sick.
You hear a shout! x2
The goblin hits you with a +2 dagger of venom.
A hobgoblin comes into view.
The goblin hits you but does no damage. The goblin hits you with a +0 dagger.
The goblin hits you but does no damage.
You hear a shout! x2
Unknown command.
Unknown command.
Unknown command.
Unknown command.
Unknown command.
Unknown command.
You slash the goblin!
You kill the goblin!
You closely miss the goblin.
You feel very sick.
A goblin comes into view. It is wielding a +0 dagger.
The goblin hits you but does no damage.
You hit the hobgoblin but do no damage. You slash the goblin!
You kill the goblin!
You feel sick. The hobgoblin closely misses you.
You block the hobgoblin's attack.
You barely miss the hobgoblin.
You feel sick.
You barely miss the goblin. You slash the hobgoblin!
You kill the hobgoblin!
You feel sick.
You feel sick.
The goblin hits you but does no damage. x2
The goblin closely misses you.
Items here: )) ††.
You closely miss the goblin. You hit the goblin.
You kill the goblin!
You barely miss the goblin.
You feel sick.
You are no longer poisoned.
The goblin hits you but does no damage. The goblin hits you with a +0 club.
* * * LOW HITPOINT WARNING * * *
The goblin hits you but does no damage. The goblin barely misses you.
You barely miss the goblin. You hit the goblin but do no damage.
The goblin hits you with a +0 club.
You die...

## #... ###.
#... #?#. #..
... ...
##.#g###.+
#...g@.#.#
##.#?#)#.#
###...#
..#.###.###.#
............#
....#########
.


You could see 2 goblins.

Vanquished Creatures
  An endoplasm (D:1)
  A giant cockroach (D:2)
  4 goblins (D:2)
  3 hobgoblins
  2 jackals (D:1)
  2 quokkas (D:1)
  2 ball pythons
  6 bats
  A frilled lizard (D:1)
  2 kobolds (D:1)
  A rat (D:1)
25 creatures vanquished.

Notes
Turn   | Place    | Note
-------+----------+-------------------------------------------
     0 | D:1      | RapScallion the Human Fighter began the quest for the Orb.
     0 | D:1      | Reached XP level 1. HP: 18/18 MP: 1/1
   186 | D:1      | Reached XP level 2. HP: 16/24 MP: 2/2
   681 | D:1      | You fall into a shaft and drop 1 floor!
   694 | D:2      | Reached XP level 3. HP: 28/29 MP: 3/3
   708 | D:2      | HP: 1/29 [goblin/+0 club[Robin] (2)]
   709 | D:2      | Slain by a goblin

Illustrated notes

Levels and vault maps discovered:
D:1:      lemuel_arrival_hallway, layout_loops_ring, hangedman_decor_points
D:2:      layout_basic, serial_forest, infiniplex_forest_straight_1,
          infiniplex_forest_end_double, infiniplex_forest_clump_double,
          infiniplex_forest_corner_1, infiniplex_forest_end_2,
          infiniplex_forest_straight_3, infiniplex_forest_pool,
          infiniplex_forest_straight_2, shapermc_ecumenical_altar_acropolis,
          corexii_shack, minmay_indecisive_spiral, uniq_natasha, uniq_robin

Action                   || total
-------------------------++-------
Melee: War axe           ||    59
Armor: Scale mail        ||    37
Dodge: Dodged            ||    23
Block: Buckler           ||    17
